 Dungeon Crawl Stone Soup version 0.18.1-6-gd335043 (webtiles) character file.

68 Scarto the Skirmisher (level 4, 0/35 HPs)
             Began as a Demonspawn Fighter on May 20, 2016.
             Slain by Natasha (5 damage)
             ... on level 2 of the Dungeon.
             The game lasted 00:01:55 (697 turns).

Scarto the Skirmisher (Demonspawn Fighter)           Turns: 697, Time: 00:01:56

Health: 0/35       AC: 12    Str: 17    XL:     4   Next: 1%
Magic:  4/4        EV:  4    Int:  9    God:
Gold:   41         SH:  9    Dex: 13    Spells: 0 memorised, 3 levels left

rFire  . . .     SeeInvis .     a - +0 war axe
rCold  . . .     Gourm    .     j - +3 chain mail
rNeg   . . .     Faith    .     c - +0 shield
rPois  .         Spirit   .     (no helmet)
rElec  .         Dismiss  .     (no cloak)
rCorr  .         Reflect  .     (no gloves)
SustAt .         Harm     .     (no boots)
MR     .....                    (no amulet)
Stlth  ..........               (no ring)
                                (no ring)

@: not resistant to hostile enchantments, extremely unstealthy
A: hooves 1, nightstalker 1, rot immunity
a: no special abilities


You were on level 2 of the Dungeon.
You were not hungry.

You visited 1 branch of the dungeon, and saw 2 of its levels.

You collected 41 gold pieces.

Inventory:

Hand Weapons
 a - a +0 war axe (weapon)
Armour
 b - a +0 scale mail
 c - a +0 shield (worn)
 j - a +3 chain mail (worn)
Jewellery
 m - an uncursed ring of protection from magic {unknown}
Scrolls
 g - a scroll of magic mapping {unknown}
 i - 2 scrolls of recharging {unknown}
 k - a scroll of identify {unknown}
 n - a scroll of fear {unknown}
 p - a scroll of remove curse {unknown}
Potions
 d - a potion of might
 e - 2 potions of curing {unknown}
 h - a potion of ambrosia {unknown}
 o - a potion of heal wounds {unknown}
Comestibles
 f - a bread ration
 l - a meat ration
 q - a chunk of flesh


   Skills:
 + Level 3.4 Fighting
 + Level 2.6 Axes
 + Level 3.3 Armour
 + Level 3.1 Shields


You had 3 spell levels left.
You didn't know any spells.

Dungeon Overview and Level Annotations

Branches:
Dungeon (2/15)

Altars:

Annotations:
D:2 Natasha


Innate Abilities, Weirdness & Mutations

You have large cloven feet.
You are slightly more attuned to the shadows.
You are immune to rotting.


Message History

You slash Natasha! Your kick misses Natasha.
Natasha is almost dead.
You hit the crimson imp.
The crimson imp is moderately wounded.
Natasha claws you.
* * * LOW HITPOINT WARNING * * *
The crimson imp hits you but does no damage.
You block Natasha's attack.
You closely miss Natasha. You kick Natasha, but do no damage.
Natasha is almost dead.
You barely miss the crimson imp.
The crimson imp is moderately wounded.
You block the crimson imp's attack. Natasha claws you but does no damage.
The crimson imp hits you but does no damage.
Your shield and chain mail prevent you from hitting Natasha.
Natasha is almost dead.
You miss the crimson imp.
The crimson imp is lightly wounded.
Natasha claws you.
You die...

###...........#
#...(.......#
#...........##
#............#
#............## .
#.........[...# ..
#...........#.## r.(
#...........#.5# ..
.............##@#'####
................h.....
.......#####..........
#.....>....
#.....##### #....##
#....# #.....


You could see Natasha and a crimson imp.

Vanquished Creatures
  Natasha (D:2)
  An adder (D:2)
  2 oozes
  A ball python (D:2)
  2 giant cockroaches (D:1)
  3 goblins (D:1)
  2 hobgoblins (D:1)
  A kobold (D:1)
  6 bats (D:1)
  5 giant newts (D:1)
  6 rats (D:1)
30 creatures vanquished.

Notes
Turn   | Place    | Note
--------------------------------------------------------------
     0 | D:1      | Scarto the Demonspawn Fighter began the quest for the Orb.
     0 | D:1      | Reached XP level 1. HP: 18/18 MP: 1/1
   115 | D:1      | Gained mutation: You have large cloven feet. [demonic ancestry]
   115 | D:1      | Reached XP level 2. HP: 24/24 MP: 2/2
   622 | D:2      | Gained mutation: You are slightly more attuned to the shadows. [demonic ancestry]
   622 | D:2      | Reached XP level 3. HP: 28/29 MP: 3/3
   652 | D:2      | Noticed Natasha
   663 | D:2      | Killed Natasha
   669 | D:2      | Gained mutation: You are immune to rotting. [demonic ancestry]
   669 | D:2      | Reached XP level 4. HP: 7/35 MP: 4/4
   685 | D:2      | Noticed Natasha
   697 | D:2      | Slain by Natasha

Skill      XL: |  1  2  3 |
---------------+----------+-----
Axes           | 2 |  2.6
Armour         | 3 |  3.3
Shields        | 3 |  3.1
Fighting       | |  3.4

Action                   |  1- 3 |  4- 6 || total
-------------------------+-------+-------++-------
Melee: War axe           |    98 |     9 ||   107
       Kick              |    12 |     4 ||    16
Armor: Scale mail        |     8 |       ||     8
       Chain mail        |    69 |     6 ||    75
Dodge: Dodged            |    32 |     3 ||    35
Block: Shield            |    58 |     6 ||    64
